TOP OF THE 1ST |
Altoona Curve batting - Pitching for Pensacola Blue Wahoos : RHP Hideki Kobayashi
|
Pitching: RHP Hideki Kobayashi
|
|
Batting: LHB Joe Hoover
|
0-0: Ball 1-0: Bunt missed! 1-1: Swinging Strike 1-2: Foul Ball, location: 2F 1-2: Strikes out swinging
|
Batting: LHB Phil DeCamp
|
0-0: Swinging Strike 0-1: Ball 1-1: Ball 2-1: Called Strike 2-2: Foul Ball, location: 2F 2-2: Foul Ball, location: 2F 2-2: Ball 3-2: Fly out, F8 (Flyball, 8LD, EV 98.1 MPH)
|
Batting: LHB Ruben Garza
|
0-0: Fly out, F8 (Flyball, 8LD, EV 96.9 MPH)
|
Top of the 1st over - 0 runs, 0 hits, 0 errors, 0 left on base; Altoona 0 - Pensacola 0 |
BOTTOM OF THE 1ST |
Pensacola Blue Wahoos batting - Pitching for Altoona Curve : LHP Ryan Rakoff
|
Pitching: LHP Ryan Rakoff
|
|
Batting: RHB Dusty Pollert
|
0-0: Swinging Strike 0-1: Foul Ball, location: 2F 0-2: Strikes out looking
|
Batting: SHB Paul Sandoval
|
0-0: Ball 1-0: Foul Ball, location: 2F 1-1: Foul Ball, location: 2F 1-2: SOLO HOME RUN (Flyball, 78XD, EV 108.1 MPH), Distance : 424 ft
|
Batting: RHB Mike Alm
|
0-0: Ball 1-0: Foul Ball, location: 2F 1-1: Swinging Strike 1-2: Ball 2-2: Ball 3-2: Base on Balls
|
Batting: RHB David Clough
|
0-0: Ball 1-0: Ball 2-0: Ball 3-0: Base on Balls Mike Alm to second
|
Batting: RHB Jonathan Robies
|
0-0: Fielders Choice at 2nd, 4-6 (Groundball, 4, EV 95.6 MPH) Mike Alm to third
|
Batting: RHB Danny Real
|
0-0: Ball 1-0: Foul Ball, location: 2F 1-1: Ball 2-1: SINGLE (Flyball, 8RS, EV 96.9 MPH) Mike Alm scores Jonathan Robies to second Runner from 2nd tries for 3rd, SAFE, throw by CF made to third
|
Batting: RHB Chris Zamora
|
0-0: Foul Ball, location: 2F 0-1: Ball 1-1: Called Strike 1-2: Fielders Choice at 2nd, 5-4 (Groundball, 5, EV 85.0 MPH)
|
Bottom of the 1st over - 2 runs, 2 hits, 0 errors, 2 left on base; Altoona 0 - Pensacola 2 |
TOP OF THE 2ND |
Altoona Curve batting - Pitching for Pensacola Blue Wahoos : RHP Hideki Kobayashi
|
Batting: RHB Zach Chmieleski
|
0-0: Ball 1-0: Called Strike 1-1: Swinging Strike 1-2: Ball 2-2: Foul Ball, location: 2F 2-2: Strikes out swinging
|
Batting: SHB Mike Corley
|
0-0: Ball 1-0: SOLO HOME RUN (Flyball, 7D, EV 99.4 MPH), Distance : 383 ft
|
Batting: RHB John Goynes
|
0-0: Ground out 5-3 (Groundball, 56, EV 85.6 MPH)
|
Batting: RHB Jordan Robinson
|
0-0: Ball 1-0: Ground out 5-3 (Groundball, 56, EV 105.0 MPH)
|
Top of the 2nd over - 1 run, 1 hit, 0 errors, 0 left on base; Altoona 1 - Pensacola 2 |
BOTTOM OF THE 2ND |
Pensacola Blue Wahoos batting - Pitching for Altoona Curve : LHP Ryan Rakoff
|
Batting: LHB Manny Ruvalcaba
|
0-0: Ball 1-0: Ball 2-0: Foul Ball, location: 2F 2-1: Ball 3-1: Base on Balls
|
Batting: RHB Yutaka Sato
|
0-0: Foul Ball, location: 2F 0-1: Called Strike 0-2: Strikes out swinging
|
Batting: RHB Dusty Pollert
|
0-0: Ball 1-0: Fielders Choice at 2nd, 6-4 (Groundball, 56D, EV 90.6 MPH)
|
Batting: SHB Paul Sandoval
|
0-0: Ball 1-0: Swinging Strike 1-1: Ball 2-1: Ball 3-1: Base on Balls Dusty Pollert to second
|
Batting: RHB Mike Alm
|
0-0: Called Strike 0-1: Ball 1-1: Called Strike 1-2: Foul Ball, location: 2F 1-2: Strikes out swinging
|
Bottom of the 2nd over - 0 runs, 0 hits, 0 errors, 2 left on base; Altoona 1 - Pensacola 2 |
TOP OF THE 3RD |
Altoona Curve batting - Pitching for Pensacola Blue Wahoos : RHP Hideki Kobayashi
|
Batting: LHB Brandon Sarni
|
0-0: Fly out, F8 (Line Drive, 8RD, EV 92.5 MPH)
|
Batting: SHB Curtis Thompson
|
0-0: Called Strike 0-1: Ball 1-1: Foul Ball, location: 2F 1-2: Foul Ball, location: 2F 1-2: Ball 2-2: Ball 3-2: Strikes out swinging
|
Batting: LHB Joe Hoover
|
0-0: Ground out 4-3 (Groundball, 4, EV 101.9 MPH)
|
Top of the 3rd over - 0 runs, 0 hits, 0 errors, 0 left on base; Altoona 1 - Pensacola 2 |
BOTTOM OF THE 3RD |
Pensacola Blue Wahoos batting - Pitching for Altoona Curve : LHP Ryan Rakoff
|
Batting: RHB David Clough
|
0-0: Ball 1-0: Fly out, F7 (Flyball, 7LM, EV 95.0 MPH)
|
Batting: RHB Jonathan Robies
|
0-0: Swinging Strike 0-1: Foul Ball, location: 2F 0-2: Ball 1-2: Foul Ball, location: 2F 1-2: Strikes out swinging
|
Batting: RHB Danny Real
|
0-0: Ball 1-0: Ball 2-0: Ball 3-0: Called Strike 3-1: Swinging Strike 3-2: TRIPLE (Flyball, 89XD, EV 98.8 MPH)
|
Batting: RHB Chris Zamora
|
0-0: Fly out, F4 (Popup, 13, EV 91.9 MPH)
|
Bottom of the 3rd over - 0 runs, 1 hit, 0 errors, 1 left on base; Altoona 1 - Pensacola 2 |
TOP OF THE 4TH |
Altoona Curve batting - Pitching for Pensacola Blue Wahoos : RHP Hideki Kobayashi
|
Batting: LHB Phil DeCamp
|
0-0: Foul Ball, location: 2F 0-1: Foul Ball, location: 2F 0-2: Ground out 4-3 (Groundball, 4, EV 98.1 MPH)
|
Batting: LHB Ruben Garza
|
0-0: SINGLE (Groundball, 56S, EV 71.2 MPH) (infield hit)
|
Batting: RHB Zach Chmieleski
|
0-0: Called Strike 0-1: Ball 1-1: Ball 2-1: Swinging Strike 2-2: Foul Ball, location: 2F 2-2: Foul Ball, location: 2F 2-2: Foul Ball, location: 2F 2-2: Grounds into double play, 4-6-3 (Groundball, 4, EV 88.8 MPH)
|
Top of the 4th over - 0 runs, 1 hit, 0 errors, 0 left on base; Altoona 1 - Pensacola 2 |
BOTTOM OF THE 4TH |
Pensacola Blue Wahoos batting - Pitching for Altoona Curve : LHP Ryan Rakoff
|
Batting: LHB Manny Ruvalcaba
|
0-0: Ball 1-0: Called Strike 1-1: Ball 2-1: Foul Ball, location: 2F 2-2: Strikes out looking
|
Batting: RHB Yutaka Sato
|
0-0: DOUBLE (Line Drive, 89D, EV 103.1 MPH)
|
Batting: RHB Dusty Pollert
|
0-0: Ball 1-0: Foul Ball, location: 2F 1-1: Fly out, F8 (Line Drive, 8RM, EV 92.5 MPH)
|
Batting: SHB Paul Sandoval
|
0-0: Called Strike 0-1: Ball 1-1: Ball 2-1: Ball 3-1: Base on Balls
|
Batting: RHB Mike Alm
|
0-0: Ball 1-0: Foul Ball, location: 2F 1-1: Ball 2-1: Fly out, F9 (Flyball, 89D, EV 83.8 MPH)
|
Bottom of the 4th over - 0 runs, 1 hit, 0 errors, 2 left on base; Altoona 1 - Pensacola 2 |
TOP OF THE 5TH |
Altoona Curve batting - Pitching for Pensacola Blue Wahoos : RHP Hideki Kobayashi
|
Batting: SHB Mike Corley
|
0-0: Called Strike 0-1: Ball 1-1: Ball 2-1: Ball 3-1: Swinging Strike 3-2: Strikes out swinging
|
Batting: RHB John Goynes
|
0-0: Called Strike 0-1: Ball 1-1: Fly out, F8 (Flyball, 78D, EV 84.4 MPH)
|
Batting: RHB Jordan Robinson
|
0-0: Called Strike 0-1: Ball 1-1: Ball 2-1: Foul Ball, location: 2F 2-2: Foul Ball, location: 2F 2-2: Strikes out swinging
|
Top of the 5th over - 0 runs, 0 hits, 0 errors, 0 left on base; Altoona 1 - Pensacola 2 |
BOTTOM OF THE 5TH |
Pensacola Blue Wahoos batting - Pitching for Altoona Curve : LHP Ryan Rakoff
|
Batting: RHB David Clough
|
0-0: Called Strike 0-1: Called Strike 0-2: Strikes out swinging
|
Batting: RHB Jonathan Robies
|
0-0: Called Strike 0-1: Ball 1-1: SINGLE (Line Drive, 9S, EV 99.4 MPH)
|
Batting: RHB Danny Real
|
0-0: Fly out, F8 (Flyball, 8RXD, EV 103.8 MPH)
|
Batting: RHB Chris Zamora
|
0-0: Ball 1-0: Called Strike 1-1: Ball 2-1: Ball 3-1: Foul Ball, location: 2F 3-2: Foul Ball, location: 2F 3-2: Ground out 4-3 (Groundball, 4, EV 82.5 MPH)
|
Bottom of the 5th over - 0 runs, 1 hit, 0 errors, 1 left on base; Altoona 1 - Pensacola 2 |
TOP OF THE 6TH |
Altoona Curve batting - Pitching for Pensacola Blue Wahoos : RHP Hideki Kobayashi
|
Batting: LHB Brandon Sarni
|
0-0: Called Strike 0-1: DOUBLE (Line Drive, 89XD, EV 106.9 MPH)
|
Batting: SHB Curtis Thompson
|
0-0: Swinging Strike 0-1: Ball 1-1: Ball 2-1: Ground out 4-3 (Groundball, 4, EV 76.9 MPH) Brandon Sarni to third
|
Batting: LHB Joe Hoover
|
Squeeze bunt is on, Brandon Sarni is out 0-1: Ball 1-1: Ball 2-1: Called Strike 2-2: Ball 3-2: Ground out U3 (Groundball, 34, EV 84.4 MPH)
|
Top of the 6th over - 0 runs, 1 hit, 0 errors, 0 left on base; Altoona 1 - Pensacola 2 |
BOTTOM OF THE 6TH |
Pensacola Blue Wahoos batting - Pitching for Altoona Curve : LHP Ryan Rakoff
|
Batting: LHB Manny Ruvalcaba
|
0-0: Foul Ball, location: 2F 0-1: Ball 1-1: SINGLE (Line Drive, 4D, EV 105.0 MPH)
|
Batting: RHB Yutaka Sato
|
0-0: Foul Ball, location: 2F 0-1: Ball 1-1: Swinging Strike 1-2: Ball 2-2: Foul Ball, location: 2F 2-2: Strikes out swinging
|
Pitching: RHP David Winstead
|
|
Batting: RHB Dusty Pollert
|
0-0: Foul Ball, location: 2F 0-1: Fly out, F9 (Flyball, 89S, EV 88.1 MPH)
|
Batting: SHB Paul Sandoval
|
0-0: Called Strike 0-1: Called Strike 0-2: Ball 1-2: Foul Ball, location: 2F 1-2: Ball 2-2: Ball 3-2: Foul Ball, location: 2F 3-2: Strikes out looking
|
Bottom of the 6th over - 0 runs, 1 hit, 0 errors, 1 left on base; Altoona 1 - Pensacola 2 |
TOP OF THE 7TH |
Altoona Curve batting - Pitching for Pensacola Blue Wahoos : RHP Hideki Kobayashi
|
Now at SS: Akira Yamano
|
|
Batting: LHB Phil DeCamp
|
0-0: Called Strike 0-1: Ground out 4-3 (Groundball, 4M, EV 93.8 MPH)
|
Batting: LHB Ruben Garza
|
0-0: Ball 1-0: Foul Ball, location: 2F 1-1: Swinging Strike 1-2: Ball 2-2: Foul Ball, location: 2F 2-2: Ball 3-2: Foul Ball, location: 2F 3-2: Base on Balls
|
Batting: RHB Zach Chmieleski
|
0-0: Ball 1-0: Ball Ruben Garza is caught stealing 2nd base 2-4 2-0: Ball 3-0: Called Strike 3-1: Base on Balls
|
Batting: SHB Mike Corley
|
0-0: Called Strike 0-1: Fly out, F6 (Popup, 6MD, EV 64.4 MPH)
|
Top of the 7th over - 0 runs, 0 hits, 0 errors, 1 left on base; Altoona 1 - Pensacola 2 |
BOTTOM OF THE 7TH |
Pensacola Blue Wahoos batting - Pitching for Altoona Curve : RHP David Winstead
|
Batting: RHB Mike Alm
|
0-0: Called Strike 0-1: Ball 1-1: Ground out 6-3 (Groundball, 6, EV 88.8 MPH)
|
Batting: RHB David Clough
|
0-0: SINGLE (Groundball, 4MD, EV 101.9 MPH)
|
Batting: RHB Jonathan Robies
|
0-0: Fly out, F7 (Flyball, 78M, EV 73.8 MPH)
|
Batting: RHB Danny Real
|
0-0: Ball 1-0: Called Strike 1-1: Called Strike 1-2: Strikes out swinging
|
Bottom of the 7th over - 0 runs, 1 hit, 0 errors, 1 left on base; Altoona 1 - Pensacola 2 |
TOP OF THE 8TH |
Altoona Curve batting - Pitching for Pensacola Blue Wahoos : RHP Hideki Kobayashi
|
Batting: RHB John Goynes
|
0-0: Ball 1-0: Ball 2-0: Swinging Strike 2-1: Foul Ball, location: 2F 2-2: Ground out 6-3 (Groundball, 6, EV 81.2 MPH)
|
Batting: RHB Jordan Robinson
|
0-0: Foul Ball, location: 2F 0-1: Ball 1-1: Swinging Strike 1-2: Ball 2-2: Ball 3-2: Foul Ball, location: 2F 3-2: Fly out, F9 (Flyball, 9S, EV 86.2 MPH)
|
Batting: LHB Brandon Sarni
|
0-0: Ball 1-0: Foul Ball, location: 2F 1-1: Called Strike 1-2: Foul Ball, location: 2F 1-2: DOUBLE (Flyball, 8RXD, EV 106.9 MPH)
|
Pitching: RHP Juan Hernandez
|
|
Batting: SHB Curtis Thompson
|
0-0: Called Strike 0-1: Ball 1-1: Foul Ball, location: 2F 1-2: Strikes out swinging
|
Top of the 8th over - 0 runs, 1 hit, 0 errors, 1 left on base; Altoona 1 - Pensacola 2 |
BOTTOM OF THE 8TH |
Pensacola Blue Wahoos batting - Pitching for Altoona Curve : RHP David Winstead
|
Pitching: RHP Hugo Rodriguez
|
|
Batting: RHB Chris Zamora
|
0-0: Ball 1-0: Ball 2-0: Foul Ball, location: 2F 2-1: Foul Ball, location: 2F 2-2: Ground out 6-3 (Groundball, 6, EV 91.2 MPH)
|
Batting: LHB Manny Ruvalcaba
|
0-0: Ground out U3 (Groundball, 34, EV 87.5 MPH)
|
Batting: LHB Akira Yamano
|
0-0: Ball 1-0: Reached on error, E6 (Groundball, 6, EV 83.1 MPH)
|
Batting: RHB Dusty Pollert
|
0-0: Called Strike 0-1: Ball 1-1: Ground out 6-3 (Groundball, 6, EV 79.4 MPH)
|
Bottom of the 8th over - 0 runs, 0 hits, 1 error, 1 left on base; Altoona 1 - Pensacola 2 |
TOP OF THE 9TH |
Altoona Curve batting - Pitching for Pensacola Blue Wahoos : RHP Juan Hernandez
|
Batting: LHB Joe Hoover
|
0-0: Ball 1-0: Swinging Strike 1-1: Called Strike 1-2: Ground out 4-3 (Groundball, 4, EV 90.6 MPH)
|
Batting: LHB Phil DeCamp
|
0-0: Ball 1-0: Called Strike 1-1: Ball 2-1: SINGLE (Groundball, 34D, EV 103.1 MPH)
|
Batting: LHB Ruben Garza
|
0-0: Ball 1-0: Foul Ball, location: 2F 1-1: Foul Ball, location: 2F 1-2: Ball 2-2: Foul Ball, location: 2F 2-2: Ball 3-2: Grounds out, U3 (Groundball, 3L, EV 106.2 MPH)
|
Batting: RHB Zach Chmieleski
|
0-0: Called Strike 0-1: Swinging Strike 0-2: Ball 1-2: Foul Ball, location: 2F 1-2: Ball 2-2: DOUBLE (Line Drive, 89M, EV 107.5 MPH) Phil DeCamp scores
|
Batting: SHB Mike Corley
|
0-0: Ball 1-0: Called Strike 1-1: Ball 2-1: Swinging Strike 2-2: Strikes out swinging
|
Top of the 9th over - 1 run, 2 hits, 0 errors, 1 left on base; Altoona 2 - Pensacola 2 |
BOTTOM OF THE 9TH |
Pensacola Blue Wahoos batting - Pitching for Altoona Curve : RHP Hugo Rodriguez
|
Batting: SHB Paul Sandoval
|
0-0: Swinging Strike 0-1: Foul Ball, location: 2F 0-2: Foul Ball, location: 2F 0-2: Ball 1-2: Ball 2-2: Strikes out looking
|
Batting: RHB Mike Alm
|
0-0: Called Strike 0-1: Called Strike 0-2: Strikes out swinging, 2-3 out at first.
|
Batting: RHB David Clough
|
0-0: Ball 1-0: Foul Ball, location: 2F 1-1: Ball 2-1: SINGLE (Line Drive, 9S, EV 91.2 MPH)
|
Batting: RHB Jonathan Robies
|
0-0: Swinging Strike 0-1: Fielders Choice at 2nd, U4 (Groundball, 4M, EV 88.1 MPH)
|
Bottom of the 9th over - 0 runs, 1 hit, 0 errors, 1 left on base; Altoona 2 - Pensacola 2 |
TOP OF THE 10TH |
Altoona Curve batting - Pitching for Pensacola Blue Wahoos : RHP Juan Hernandez
|
Batting: RHB John Goynes
|
0-0: Called Strike 0-1: Ball 1-1: Ground out 4-3 (Groundball, 34, EV 105.0 MPH)
|
Batting: RHB Jordan Robinson
|
0-0: Called Strike 0-1: Ball 1-1: Foul Ball, location: 2F 1-2: Strikes out swinging
|
Batting: LHB Brandon Sarni
|
0-0: SINGLE (Groundball, 6S, EV 70.0 MPH) (infield hit)
|
Pitching: LHP Jin Zhui
|
|
Batting: SHB Curtis Thompson
|
0-0: Ball 1-0: Ball 2-0: Called Strike 2-1: Fielders Choice at 2nd, 6-4 (Groundball, 6, EV 88.1 MPH)
|
Top of the 10th over - 0 runs, 1 hit, 0 errors, 1 left on base; Altoona 2 - Pensacola 2 |
BOTTOM OF THE 10TH |
Pensacola Blue Wahoos batting - Pitching for Altoona Curve : RHP Hugo Rodriguez
|
Pitching: RHP Robby Poyfair
|
|
Batting: RHB Danny Real
|
0-0: Swinging Strike 0-1: Swinging Strike 0-2: Ball 1-2: Foul Ball, location: 2F 1-2: Ball 2-2: Foul Ball, location: 2F 2-2: Ball 3-2: Foul Ball, location: 2F 3-2: Strikes out swinging
|
Batting: RHB Chris Zamora
|
0-0: Foul Ball, location: 2F 0-1: Called Strike 0-2: Strikes out looking
|
Batting: LHB Manny Ruvalcaba
|
0-0: Called Strike 0-1: Foul Ball, location: 2F 0-2: Strikes out swinging
|
Bottom of the 10th over - 0 runs, 0 hits, 0 errors, 0 left on base; Altoona 2 - Pensacola 2 |
TOP OF THE 11TH |
Altoona Curve batting - Pitching for Pensacola Blue Wahoos : LHP Jin Zhui
|
Pinch Hitting: RHB Terry Sutherland
|
0-0: Called Strike 0-1: Ball 1-1: SOLO HOME RUN (Flyball, 7D, EV 96.9 MPH), Distance : 381 ft
|
Batting: LHB Phil DeCamp
|
0-0: Called Strike 0-1: Ball 1-1: Called Strike 1-2: Ground out U3 (Groundball, 34, EV 86.2 MPH)
|
Batting: LHB Ruben Garza
|
0-0: Foul Ball, location: 2F 0-1: Ball 1-1: Ball 2-1: Ball 3-1: Base on Balls
|
Batting: RHB Zach Chmieleski
|
0-0: Called Strike 0-1: Foul Ball, location: 2F 0-2: Hit by Pitch Ruben Garza to second
|
Batting: SHB Mike Corley
|
0-0: Ball 1-0: Ball 2-0: Foul Ball, location: 2F 2-1: Ball 3-1: Fly out, F9 (Flyball, 9, EV 83.8 MPH)
|
Batting: RHB John Goynes
|
0-0: Ball 1-0: Called Strike 1-1: Ball 2-1: SINGLE (Groundball, 6MD, EV 98.8 MPH) Ruben Garza to third Zach Chmieleski to second Runner from 3rd tries for Home, SAFE, throw by CF to home
|
Batting: RHB Jordan Robinson
|
0-0: Fly out, F9 (Flyball, 89D, EV 95.0 MPH)
|
Top of the 11th over - 2 runs, 2 hits, 0 errors, 2 left on base; Altoona 4 - Pensacola 2 |
BOTTOM OF THE 11TH |
Pensacola Blue Wahoos batting - Pitching for Altoona Curve : RHP Robby Poyfair
|
Now at 1B: Terry Sutherland
|
|
Now at 2B: Brandon Sarni
|
|
Now at SS: Pleun Smit
|
|
Batting: LHB Akira Yamano
|
0-0: Ball 1-0: Foul Ball, location: 2F 1-1: Called Strike 1-2: Ball 2-2: SINGLE (Groundball, 34S, EV 72.5 MPH) (infield hit)
|
Batting: RHB Dusty Pollert
|
0-0: Ball 1-0: Ball 2-0: Called Strike 2-1: Ball 3-1: Called Strike 3-2: Strikes out looking
|
Batting: SHB Paul Sandoval
|
0-0: Ball 1-0: Ball 2-0: Called Strike 2-1: Ball 3-1: Swinging Strike 3-2: Foul Ball, location: 2F 3-2: Fielders Choice at 2nd, 6-4 (Groundball, 6, EV 88.1 MPH)
|
Pitching: RHP Bobby Detmer
|
|
Batting: RHB Mike Alm
|
0-0: Swinging Strike 0-1: Ball 1-1: Ball 2-1: Foul Ball, location: 2F 2-2: Strikes out swinging
|
Bottom of the 11th over - 0 runs, 1 hit, 0 errors, 1 left on base; Altoona 4 - Pensacola 2 |
|